 Dungeon Crawl Stone Soup version 0.19.0-9-gfd783f2 (webtiles) character file.

219 Banto the Slasher (level 5, -2/34 HPs)
             Began as a High Elf Skald on Nov 8, 2016.
             Slain by a worker ant (6 damage)
             ... on level 3 of the Dungeon.
             The game lasted 00:05:34 (3180 turns).

Banto the Slasher (High Elf Skald)                  Turns: 3180, Time: 00:05:35

Health: -2/34      AC:  6    Str: 11    XL:     5   Next: 64%
Magic:  2/9        EV: 14    Int: 16    God:
Gold:   116        SH:  0    Dex: 15    Spells: 3 memorised, 3 levels left

rFire  . . .     SeeInvis +     h - -2 dagger (curse)
rCold  . . .     Gourm    .     g - +3 leather armour
rNeg   . . .     Faith    .     (no shield)
rPois  +         Spirit   .     (no helmet)
rElec  .         Reflect  .     (no cloak)
rCorr  .         Harm     .     (no gloves)
MR     .....                    (no boots)
Stlth  +.........               (no amulet)
                                b - ring of poison resistance
                                k - ring of see invisible

@: lethally poisoned (-2 -> -6), singing (expiring)
A: no striking features
a: Stop Singing


You were on level 3 of the Dungeon.
You were not hungry.

You visited 1 branch of the dungeon, and saw 3 of its levels.

You collected 116 gold pieces.

Inventory:

Hand Weapons
 a - a +1 falchion
 h - a cursed -2 dagger (weapon)
Armour
 g - a +3 leather armour (worn)
Jewellery
 b - a ring of poison resistance (right hand)
 k - a ring of see invisible (left hand)
Wands
 m - a wand of flame (29/48)
Scrolls
 f - a scroll of fear
Potions
 e - a potion of heal wounds {unknown}
 j - a potion of might {unknown}
Books
 c - a book of Battle

   Spells                             Type                      Level
   a - Infusion                       Charms                       1
   b - Shroud of Golubria             Charms/Translocation         2
   c - Song of Slaying                Charms                       2
   d - Spectral Weapon                Hexes/Charms                 3
   e - Regeneration                   Charms/Necromancy            3
Comestibles
 d - 3 bread rations
 i - 4 chunks of flesh
 l - 2 meat rations


   Skills:
 - Level 2.0 Fighting
 + Level 5.3 Long Blades
 - Level 0.8 Armour
 + Level 4.4 Dodging
 - Level 2.4 Spellcasting
 - Level 3.6 Charms


You had 3 spell levels left.
You knew the following spells:

 Your Spells              Type           Power        Failure   Level  Hunger
a - Infusion              Chrm           ##..         8%          1    #......
b - Song of Slaying       Chrm           ##......     12%         2    ###....
c - Shroud of Golubria    Chrm/Tloc      #.........   21%         2    ###....


Dungeon Overview and Level Annotations

Branches:
Dungeon (3/15)

Altars:
Ashenzari
Gozag
Uskayaw


Message History

You feel sick. The worker ant barely misses you.
You take 1 damage, and have 13/34 hp.
You hit the worker ant.
The worker ant is moderately wounded.
The worker ant barely misses you.
You hit the worker ant but do no damage.
The worker ant is lightly wounded.
Your song is almost over.
You feel sick. The worker ant bites you.
* * * LOW HITPOINT WARNING * * *
You take 7 damage, and have 7/34 hp.
MASSIVE DAMAGE!!
You closely miss the worker ant.
The worker ant is lightly wounded.
The worker ant bites you.
* * * LOW HITPOINT WARNING * * *
You take 3 damage, and have 4/34 hp.
You barely miss the worker ant.
The worker ant is lightly wounded.
The worker ant bites you.
You die...

### # .## ..# #. ..
#.# #.## #.### ##.#
##... ...o .a#
#.#....#> ..# ##.####
.#.#.... #.# #.....#
.....
...#...####.###..##.#
....
.......@aKo.........#
...
.......###.####...#.#
.. ####.#.# #.#
#.....# . #.#.###.#
##..#.# #....##.###
#..#.# #..#.......
#....#
##....##.###.##...#
#....###.###.##...#
###†#..###.##...#...#


You could see a worker ant, an orc and a kobold.

Vanquished Creatures
  Natasha (thrice) (D:2)
  5 adders
  3 worms (D:2)
  2 dart slugs (D:1)
  6 leopard geckos
  5 orcs
  3 ball pythons
  3 giant cockroaches
  9 hobgoblins
  4 jackals (D:3)
  3 kobolds
  6 bats
  4 frilled lizards
  10 goblins
  12 rats
78 creatures vanquished.

Notes
Turn   | Place    | Note
-------+----------+-------------------------------------------
     0 | D:1      | Banto the High Elf Skald began the quest for the Orb.
     0 | D:1      | Reached XP level 1. HP: 14/14 MP: 4/4
   209 | D:1      | Reached XP level 2. HP: 14/19 MP: 0/6
   342 | D:1      | Reached skill level 3 in Long Blades
   586 | D:1      | Reached XP level 3. HP: 24/24 MP: 7/7
   946 | D:2      | Found a hide-covered altar of Uskayaw.
   946 | D:2      | Noticed a hand axe
   946 | D:2      | Noticed a dagger
  1001 | D:2      | Learned a level 2 spell: Song of Slaying
  1004 | D:2      | Learned a level 2 spell: Shroud of Golubria
  1068 | D:2      | Found an opulent altar of Gozag.
  1144 | D:2      | Reached XP level 4. HP: 18/29 MP: 2/8
  1366 | D:2      | Found a shattered altar of Ashenzari.
  1601 | D:2      | Reached skill level 4 in Long Blades
  1797 | D:3      | Noticed Natasha
  2078 | D:2      | Killed Natasha
  2198 | D:2      | Noticed Natasha
  2320 | D:2      | Killed Natasha
  2320 | D:2      | Reached XP level 5. HP: 26/34 MP: 1/9
  2808 | D:2      | Noticed Natasha
  2820 | D:2      | Killed Natasha
  2820 | D:2      | Reached skill level 5 in Long Blades
  3180 | D:3      | Slain by a worker ant

Skill      XL: |  1  2  3  4  5 |
---------------+----------------+-----
Dodging        | 2 3 4 |  4.4
Long Blades    | 3 4 5 |  5.3
Fighting       | |  2.0
Armour         | |  0.8
Spellcasting   | |  2.4
Charms         | |  3.6

Action                   |  1- 3 |  4- 6 || total
-------------------------+-------+-------++-------
Melee: Falchion          |    88 |    11 ||    99
       Dagger            |       |   208 ||   208
 Cast: Infusion          |     7 |    15 ||    22
       Shroud of Golubri |     2 |     9 ||    11
       Song of Slaying   |       |     2 ||     2
  Use: Scroll            |     4 |     2 ||     6
       Potion            |       |     1 ||     1
 Stab: Sleeping          |     4 |     2 ||     6
  Eat: Chunk             |     1 |     8 ||     9
Armor: Leather armour    |    35 |    41 ||    76
Dodge: Dodged            |    68 |   157 ||   225
       Rpst.: Falchion   |    28 |     1 ||    29

Table legend:
 A = Turns spent in this place as a percentage of turns spent in the entire game.
 B = Non-inter-level travel turns spent in this place as a percentage of non-inter-level travel turns spent in the entire game.
 C = Inter-level travel turns spent in this place as a percentage of turns spent in this place.
 D = Turns resting spent in this place as a percentage of non-inter-level travel turns spent in this place.
 E = Turns spent auto-exploring this place as a percentage of non-inter-level travel turns spent in this place.
 F = Non-inter-level travel turns spent in this place divided by the number of levels of this place that you've seen.
                   A       B       C       D       E      F
               +-------+-------+-------+-------+-------+----------------------
         Total | 100.0 | 100.0 |   1.1 |   5.3 |   9.2 | 324.7
       Dungeon | 100.0 | 100.0 |   1.1 |   5.3 |   9.2 | 324.7
               +-------+-------+-------+-------+-------+----------------------

Table legend:
 A = Kills in this place as a percentage of kills in entire the game.
 B = Kills by you in this place as a percentage of kills by you in the entire game.
 C = Kills by friends in this place as a percentage of kills by friends in the entire game.
 D = Other kills in this place as a percentage of other kills in the entire game.
 E = Experience gained in this place as a percentage of experience gained in the entire game.
 F = Experience gained in this place divided by the number of levels of this place that you have seen.
                   A       B       C       D       E      F
               +-------+-------+-------+-------+-------+----------------------
         Total | 100.0 | 100.0 |  -nan |  -nan | 100.0 | 104.7
       Dungeon | 100.0 | 100.0 |  -nan |  -nan | 100.0 | 104.7
               +-------+-------+-------+-------+-------+----------------------
